AoeStats
← Wildanlor

Hideout

510241805Analyzed
1v1 RM · 2d ago on Sep 30, 2026· 36m 3s· 2 players
Game mode
Random Map
Map size
Tiny (2 player)
Population
200
Speed
Normal
Resources
Standard
Victory
Conquest
Starting age
Dark Age
Ending age
Imperial Age
RankedLock teamsTeams togetherTeam positionsShared explorationLock speedFull tech treeHidden civsTurbo modeCheats
Victory
Defeat
🇲🇽 Teutons · Mexico
801
+12
🇺🇸 Hindustanis · United States
722
-12
Wildanlor
10:31 Feudal Age
8:49 Loom
12:34 Man-at-Arms
14:03 Scale Mail Armor
13:51 Arson
14:46 Forging
19:39 Stone Mining
22:15 Castle Age
21:42 Stone Mining
25:55 Grand Trunk Road
26:48 Gold Mining
27:37 Stone Shaft Mining
26:39 Pikeman
26:59 Crossbowman
30:01 Gold Shaft Mining
32:26 Squires
eljeringas
7:18 Loom
10:15 Feudal Age
15:25 Castle Age
18:19 Scale Barding Armor
21:54 Bloodlines
26:53 Wheelbarrow
27:34 Town Watch
28:26 Hand Cart
31:11 Chain Barding Armor
32:21 Stone Mining
32:21 Gold Mining
32:19 Double-Bit Axe
38:34 Imperial Age
Connection lost

Rejoining the realm…

Still unreachable

The connection could not be restored.

Session expired

The server has moved on; the page needs a fresh start.